Map: Tokamak LE

Players

ManlyManMeat - Winner!

  • Race: Zerg Zerg
  • League: Diamond
  • Spawn Location: 7:00

IIIIIIIIIIII

  • Race: Protoss Protoss
  • League: Diamond
  • Spawn Location: 1:00

VOD

Have the link to the VOD?

Description

Time

  • Played on: July 2, 2025, 6 a.m.
  • Length: 8:10
Show
View Real Time Build Order
Export as new Build Order

ManlyManMeat Zerg - Winner!

Build Orders: Hatch First 

Get SALT Encoding   

  12  0:00  Drone  
  13  0:08  Drone  
  13  0:13  Extractor  
  13  0:16  Drone  
  15  0:35  Overlord  
  15  0:44  Hatchery  
  14  0:53  Drone  
  14  0:54  Drone  
  16  1:08  Extractor  
  16  1:09  Spawning Pool  
  14  1:12  Drone  
  14  1:15  Drone  
  16  1:21  Drone  
  17  1:27  Drone  
  18  1:53  Drone x2  
  20  2:14  Drone  
  20  2:15  Zergling x6, Queen  
  26  2:37  Queen  
  26  2:40  Overlord  
  28  2:45  Overlord  
  29  2:58  Drone x3  
  29  2:59  Drone x2  
  33  3:09  Drone  
  34  3:28  Hatchery  
  31  3:48  Drone x4  
  33  3:49  Drone x2  
  33  3:55  Baneling Nest  
  36  3:57  Extractor  
  36  4:02  Drone x4  
  39  4:10  Overlord  
  39  4:11  Overlord  
  39  4:15  Zergling x4  
  39  4:16  Zergling x6  
  44  4:22  Evolution Chamber  
  44  4:23  Drone  
  44  4:30  Zergling x6  
  47  4:38  Zergling x4  
  51  4:39  Baneling x2  
  49  4:46  Zergling x8  
  49  4:47  Metabolic Boost  
  49  4:50  Zerg Melee Weapons Level 1  
  53  5:00  Zergling x6  
  54  5:10  Spore Crawler  
  54  5:11  Spore Crawler  
  46  5:38  Zergling x6  
  46  5:39  Zergling x8  
  53  5:43  Lair  
  53  5:47  Drone x2, Extractor  
  53  5:49  Extractor, Queen  
  55  5:50  Queen  
  55  5:54  Baneling x2  
  55  5:55  Baneling x2  
  57  5:59  Baneling  
  57  6:06  Baneling  
  57  6:08  Baneling  
  57  6:12  Drone x4  
  61  6:19  Baneling x2  
  61  6:20  Baneling  
  61  6:21  Zergling x8  
  65  6:29  Overlord x4  
  65  6:45  Zergling x4  
  66  6:59  Zergling x2  
  66  7:00  Zergling x20  
  67  7:21  Zergling x2  
  67  7:22  Zergling x16  
  71  7:35  Zergling x8  
  71  7:36  Zergling x2  
  71  7:48  Zergling x8  
Show
View Real Time Build Order
Export as new Build Order

IIIIIIIIIIII Protoss 

Build Orders: Cannon Rush 

Get SALT Encoding   

  1  0:00  Probe  
  12  0:04  Probe  
  14  0:14  Probe  
  15  0:27  Assimilator  
  15  0:33  Pylon  
  15  0:51  Probe  
  15  0:54  Forge  
  16  0:58  Gateway  
  16  1:03  Probe  
  17  1:19  Pylon  
  17  1:28  Pylon  
  17  1:29  Probe  
  18  1:38  Pylon  
  18  1:48  Photon Cannon  
  18  1:57  Photon Cannon  
  18  1:58  Photon Cannon  
  18  2:05  Photon Cannon  
  18  2:09  Photon Cannon  
  18  2:11  Gateway  
  18  2:14  Probe  
  19  2:22  Photon Cannon  
  19  2:29  Cybernetics Core  
  19  2:30  Zealot  
  21  2:44  Nexus  
  21  2:47  Probe  
  22  2:53  Assimilator  
  22  2:59  Probe  
  23  3:05  Warp Gate  
  23  3:07  Pylon  
  23  3:24  Stargate  
  23  3:26  Probe, Stalker  
  24  3:32  Pylon  
  24  3:38  Probe  
  27  3:47  Shield Battery  
  27  3:56  Robotics Facility  
  27  4:00  Probe  
  27  4:02  Probe  
  29  4:11  Oracle  
  32  4:19  Probe x2  
  34  4:31  Probe x2  
  34  4:37  Pylon  
  36  4:43  Probe  
  36  4:44  Probe  
  38  4:57  Stalker  
  40  5:09  Probe x2  
  40  5:14  Void Ray  
  46  5:21  Probe  
  47  5:30  Stalker  
  47  5:31  Probe  
  47  5:33  Probe, Assimilator  
  49  5:37  Assimilator  
  49  5:40  Twilight Council  
  49  5:42  Gateway  
  49  5:43  Probe  
  49  5:45  Probe  
  51  5:55  Probe  
  52  5:57  Probe  
  53  6:07  Probe  
  53  6:08  Nexus  
  53  6:09  Probe  
  55  6:12  Pylon  
  55  6:19  Probe  
  55  6:20  Pylon  
  55  6:22  Probe  
  57  6:37  Robotics Bay  
  57  6:38  Pylon  
  57  6:45  Zealot x2  
  42  7:20  Stalker  
  42  7:21  Stalker  
  16  7:44  Stalker  
  13  7:54  Probe  
  13  7:57  Probe  
Tags
 
Add a new tag
Caveats
  • Supply blocks, unpowered buildings, or Contaminate may cause inaccurate times.
  • Supply counts are checked every 10 seconds.